 Dungeon Crawl Stone Soup version 0.25-a0-294-gea9b1ad (webtiles) character file.

Game seed: 6657602795662236244, levelgen mode: deterministic

1679 MrTaco21 the Basher (level 9, -1/51 HPs)
             Began as a Gargoyle Fighter on Dec 18, 2019.
             Slain by a centaur (5 damage)
             ... on level 5 of the Dungeon.
             The game lasted 00:13:50 (4881 turns).

MrTaco21 the Basher (Gargoyle Fighter)              Turns: 4881, Time: 00:13:51

Health: -1/51      AC: 13    Str: 22    XL:     9   Next: 2%
Magic:  0/9        EV:  7    Int: 10    God:
Gold:   272        SH:  9    Dex:  9    Spells: 8/8 levels left

rFire    + . .     SeeInvis .   y - +2 mace (holy)
rCold    . . .     Gourm    +   c - +0 shield
rNeg     + . .     Faith    .   B - +0 scale mail {rF+}
rPois    ∞         Spirit   +   (no helmet)
rElec    +         Reflect  .   g - scarf {Spirit}
rCorr    .         Harm     .   (no gloves)
MR       .....                  (no boots)
Stlth    ..........             m - amulet of the gourmand
HPRegen  0.17/turn              (no ring)
MPRegen  0.11/turn              (no ring)

@: no status effects
A: negative energy resistance 1, electricity resistance, unbreathing,
petrification resistance, rot immunity, AC +6
a: no special abilities


You were on level 5 of the Dungeon.
You were very full.

You visited 1 branch of the dungeon, and saw 5 of its levels.
You also visited: Sewer.

You collected 272 gold pieces.

Inventory:

Hand Weapons
 a - a +0 flail
 y - a +2 mace of holy wrath (weapon)
   (You took it off an orc on level 4 of the Dungeon)
Armour
 b - a +0 chain mail
   (You found it on level 4 of the Dungeon)
 c - a +0 shield (worn)
 g - a scarf of spirit shield (worn)
   (You found it on level 1 of the Dungeon)
 p - a +0 large shield
   (You found it on level 3 of the Dungeon)
 B - a +0 scale mail of fire resistance (worn)
   (You took it off an orc on level 4 of the Dungeon)
Jewellery
 m - an amulet of the gourmand (around neck)
   (You found it on level 2 of the Dungeon)
 n - an uncursed amulet of guardian spirit
   (You found it on level 2 of the Dungeon)
Wands
 x - a wand of acid (8)
   (You found it on level 4 of the Dungeon)
Scrolls
 f - 3 scrolls of remove curse {@r2}
 h - 2 scrolls of fog {unknown}
 i - 2 scrolls of enchant weapon {unknown}
 j - 3 scrolls of identify {@r1}
 k - 2 scrolls of amnesia {unknown}
 q - a scroll of enchant armour {unknown}
 u - a scroll of blinking {unknown}
 v - a scroll of immolation {unknown}
 w - a scroll of magic mapping {unknown}
Potions
 d - 2 potions of might
 l - a potion of berserk rage {unknown}
 o - a potion of heal wounds {unknown}
 r - 2 potions of brilliance {unknown}
 s - a potion of haste {unknown}
 z - a potion of ambrosia {unknown}
 A - a potion of mutation {unknown}
 C - a potion of curing {unknown}
Comestibles
 e - 7 rations {!d}


   Skills:
 - Level 3.2 Fighting
 + Level 11.2 Maces & Flails
 - Level 3.2 Armour
 - Level 3.2 Shields


You had 8 spell levels left.
You didn't know any spells.
Your spell library contained the following spells:

 Spells                   Type           Power        Failure   Level  Hunger
 Confusing Touch          Hex            #.....       99%         1    ##.....
 Confuse                  Hex            #.......     100%        3    ####...
 Gell's Gravitas          Tloc           #.........   100%        3    ####...
 Petrify                  Tmut/Erth      #.......     100%        4    #####..
 Metabolic Englaciation   Hex/Ice        #.........   100%        5    ######.
 Yara's Violent Unravell  Hex/Tmut       #.........   100%        5    ######.


Dungeon Overview and Level Annotations

Branches:
Dungeon (5/15)              Sewer (visited)
 Temple: D:4-7

Altars:
Uskayaw


Innate Abilities, Weirdness & Mutations

You are resistant to torment.
Your stone body is resilient. (AC +6)
You are immune to poison.
You resist negative energy. (rN+)
You are resistant to electric shocks. (rElec)
You can survive without breathing.
You are immune to petrification.
You are immune to rotting.


Message History

You start resting.
You start resting.
You swap places.
Found 13 gold pieces.
You now have 272 gold pieces (gained 13).
A dart slug comes into view.
Found a crooked glowing staff.
A dart slug is nearby!
A dart slug is nearby!
A centaur and an ogre come into view.
The centaur wields a +0 shortbow.
The centaur shoots an arrow.
The arrow hits you! The dart slug launches a dart at you.
The slug dart misses you.
Found a dagger.
You see here an arrow.
A giant cockroach comes into view.
The centaur shoots an arrow.
The arrow barely misses you.
The centaur shoots an arrow.
The arrow closely misses you.
There is an open door here.
The centaur shoots an arrow.
The arrow closely misses you.
You barely miss the ogre.
Your shield and scale mail prevent you from hitting the ogre.
The ogre hits you with a +0 giant club.
You hit the ogre. The ogre barely misses you.
You sock the ogre!
The giant cockroach bites you but does no damage.
The centaur unwields a +0 shortbow.
You block the centaur's attack.
The ogre hits you with a +0 giant club!!
Ouch! That really hurt!
* * * LOW HITPOINT WARNING * * *
You hit the ogre but do no damage. You block the giant cockroach's attack.
The centaur barely misses you. You block the giant cockroach's attack.
You sock the ogre!
The centaur hits you but does no damage.
The ogre hits you with a +0 giant club!
* * * LOW HITPOINT WARNING * * *
You block the giant cockroach's attack.
You thump the ogre!
You kill the ogre!
You have reached level 9!
Your experience leads to an increase in your attributes!
Increase (S)trength, (I)ntelligence, or (D)exterity?
You feel stronger.
The centaur hits you but does no damage.
The giant cockroach bites you but does no damage.
You block the centaur's attack.
The dart slug bites you but does no damage.
You sock the dart slug! The centaur hits you.
You die...

#.................#
#.................#
#.................#
#####....########...##
#...##...##...###'######
..w..#####.....#.......#
......((......p#.......#
)....##w##.....#.[.....#
#.. #..@##...###)##..## #
#..c)s##.####.##..###
#.......#.#..........#
#...|...#.#..........# #
#.......#.#..........#
##.##....p##p##.........#
#...##...##...##........#
.....#####.....#........#
.........p.....#..##...##


You could see a centaur, a dart slug, a giant cockroach and a neutral freed
slave (wandering).

Vanquished Creatures
  Pikel (D:5)
  2 sky beasts (D:5)
  2 ogres (D:5)
  2 bullfrogs (Sewer)
  A scorpion (D:4)
  2 hounds (D:4)
  2 orc priests
  A jelly (D:5)
  An iguana (D:4)
  An orc wizard (D:4)
  Natasha (thrice) (D:3)
  A worker ant (D:4)
  16 adders
  A shadow imp (D:5)
  9 oozes
  An adder skeleton (D:4)
  An adder zombie (D:5)
  5 worms (D:4)
  2 dart slugs
  8 leopard geckos
  28 orcs
  17 giant cockroaches
  3 goblins
  6 hobgoblins
  13 jackals
  14 ball pythons
  12 bats
  11 frilled lizards
  8 kobolds
  18 rats
192 creatures vanquished.

Vanquished Creatures (others)
  2 crimson imps (D:5)
  A hound (D:5)
3 creatures vanquished.

Grand Total: 195 creatures vanquished

Notes
Turn   | Place    | Note
-------+----------+-------------------------------------------
     0 | D:1      | MrTaco21 the Gargoyle Fighter began the quest for the Orb.
     0 | D:1      | Reached XP level 1. HP: 14/14 MP: 1/1
   125 | D:1      | Reached XP level 2. HP: 7/19 MP: 2/2
   450 | D:1      | Reached skill level 3 in Maces & Flails
   627 | D:1      | Reached XP level 3. HP: 11/23 MP: 3/3
  1037 | D:2      | Noticed a +0 dagger
  1037 | D:2      | Noticed a +0 hand axe
  1041 | D:2      | Found a hide-covered altar of Uskayaw.
  1358 | D:2      | Reached skill level 4 in Maces & Flails
  1386 | D:2      | Reached XP level 4. HP: 28/28 MP: 4/4
  1887 | D:3      | Reached skill level 5 in Maces & Flails
  1890 | D:3      | Reached XP level 5. HP: 31/32 MP: 3/5
  1920 | D:3      | Found a faded altar of an unknown god.
  2227 | D:3      | Noticed Natasha
  2237 | D:3      | Killed Natasha
  2386 | D:3      | Reached skill level 6 in Maces & Flails
  2386 | D:3      | Reached XP level 6. HP: 15/37 MP: 2/6
  2554 | D:3      | Noticed Natasha
  2573 | D:3      | Killed Natasha
  2669 | D:3      | Noticed Natasha
  2675 | D:3      | Killed Natasha
  2977 | D:4      | Found a glowing drain.
  3059 | Sewer    | Entered a sewer
  3118 | Sewer    | Reached skill level 7 in Maces & Flails
  3326 | Sewer    | Reached XP level 7. HP: 41/41 MP: 7/7
  3594 | D:4      | Reached skill level 8 in Maces & Flails
  4096 | D:5      | Entered Level 5 of the Dungeon
  4155 | D:5      | Reached skill level 9 in Maces & Flails
  4155 | D:5      | Reached XP level 8. HP: 42/46 MP: 8/8
  4756 | D:5      | Noticed Pikel
  4790 | D:5      | Killed Pikel
  4790 | D:5      | Reached skill level 11 in Maces & Flails
  4880 | D:5      | Reached XP level 9. HP: 3/51 MP: 0/9
  4881 | D:5      | Slain by a centaur

Levels and vault maps discovered:
D:1:      wheals_arrival_linesprint, layout_rooms, serial_bayou_pond_a,
          minmay_misc_feat_encased
D:2:      minmay_roachtagon, layout_basic, dancing_weapons_uskayaw, first_ration
D:3:      layout_loops_cross, chequers_ecumenical_altar_simple_redux,
          minmay_ruptured, uniq_natasha
D:4:      layout_rooms, lightli_sewer_entry_pipes
D:5:      minmay_octagon_keep, layout_gridville, uniq_pikel

Skill      XL: |  1  2  3  4  5  6  7  8 |
---------------+-------------------------+-----
Maces & Flails | 3 4 5 6 7 9 11 | 11.2
Fighting       | |  3.2
Armour         | |  3.2
Shields        | |  3.2

Action                   |  1- 3 |  4- 6 |  7- 9 || total
-------------------------+-------+-------+-------++-------
Melee: Flail             |   134 |   448 |   142 ||   724
       Mace              |       |       |   116 ||   116
  Use: Scroll            |     2 |     1 |       ||     3
 Stab: Distracted        |       |       |     1 ||     1
  Eat: Chunk             |     2 |    20 |     5 ||    27
Armor: Scale mail        |    92 |   297 |   117 ||   506
Dodge: Dodged            |    48 |   165 |    80 ||   293
Block: Shield            |   103 |   271 |   112 ||   486

Table legend:
 A = Non-vault XP
 B = Vault XP
 C = Vault XP percentage of total XP
 D = Non-vault monster count
 E = Vault monster count
 F = Vault count percentage of total count
                 A         B        C        D         E       F
            +---------+---------+-------+---------+---------+-------
      Total |    1212 |    1187 |  49.5 |     132 |      61 |  31.6
            +---------+---------+-------+---------+---------+-------
        D:1 |      38 |       0 |   0.0 |      20 |       0 |   0.0
        D:2 |      97 |      14 |  12.6 |      28 |       7 |  20.0
        D:3 |     234 |      38 |  14.0 |      41 |       3 |   6.8
        D:4 |     315 |      56 |  15.1 |      23 |      10 |  30.3
        D:5 |     528 |     767 |  59.2 |      20 |       3 |  13.0
      Sewer |       0 |     312 | 100.0 |       0 |      38 | 100.0
            +---------+---------+-------+---------+---------+-------
